 Dungeon Crawl Stone Soup version 0.29.1-2-gbd0b4ee654 (webtiles) character file.

Game seed: 9540247401158964500

110 Sabo the Trooper (level 4, 0/54 HPs)
             Began as a Demonspawn Berserker on Nov 21, 2022.
             Was a Believer of Trog.
             Killed from afar by Sigmund (5 damage)
             ... with a magic dart
             ... on level 3 of the Dungeon.
             The game lasted 00:12:44 (3324 turns).

Sabo the Trooper (Demonspawn Berserker)             Turns: 3324, Time: 00:12:45

Health: 0/54       AC:  9    Str: 20    XL:     4   Next: 61%
Magic:  4/4        EV: 15    Int:  8    God:    Trog [**....]
Gold:   101        SH:  0    Dex: 12    Spells: 3/3 levels left

rFire   . . .      SeeInvis .   i - +3 mace (protect)
rCold   . . .      Faith    .   (no shield)
rNeg    + . .      Spirit   .   p - +2 ring mail {Will+}
rPois   .          Reflect  .   o - +0 helmet
rElec   .          Harm     .   g - +0 cloak
rCorr   .          Rampage  .   (no gloves)
Will    +....                   (no boots)
Stlth   ..........              (no amulet)
HPRegen 0.18/turn               d - ring of positive energy
MPRegen 0.09/turn               j - +4 ring of evasion

@: berserking, very quick
A: claws 1
a: Renounce Religion, Berserk, Trog's Hand


You were on level 3 of the Dungeon.
You worshipped Trog.
Trog was pleased with you.
You visited 1 branch of the dungeon, and saw 3 of its levels.

You collected 101 gold pieces.

Inventory:

Hand Weapons
 a - a +0 hand axe
 i - a +3 mace of protection (weapon)
 l - a +0 spear of venom
Missiles
 f - 3 boomerangs (quivered)
 s - 5 poisoned darts
Armour
 g - a +0 cloak (worn)
 o - a +0 helmet (worn)
 p - a +2 ring mail of willpower (worn)
Jewellery
 d - a ring of positive energy (left claw)
 j - a +4 ring of evasion (right claw)
Wands
 b - a wand of polymorph (13)
Scrolls
 c - a scroll of identify {unknown}
 h - a scroll of butterflies {unknown}
 k - a scroll of teleportation {unknown}
 m - a scroll of enchant weapon {unknown}
 q - a scroll of summoning {unknown}
Potions
 e - a potion of degeneration {unknown}
 n - a potion of lignification {unknown}
 r - a potion of attraction {unknown}


   Skills:
 + Level 3.6 Fighting
 + Level 3.6(3.8) Axes
 + Level 1.3(2.7) Maces & Flails
 + Level 1.9 Armour
 + Level 2.2 Dodging
 + Level 0.9 Stealth
 + Level 0.2 Unarmed Combat


You had 3 spell levels left.
You didn't know any spells.
Your spell library was empty.

Dungeon Overview and Level Annotations

Branches:
Dungeon (3/15)

Altars:

Annotations:
D:3 Sigmund


Innate Abilities, Weirdness & Mutations

You have sharp fingernails.


Message History

You sock the kobold!
Your weapon exudes an aura of protection.
You kill the kobold!
Trog accepts your kill.
Things that are here:
a +0 short sword; 5 poisoned darts
s - 5 poisoned darts You now have 101 gold pieces (gained 12).
Sigmund the Dreaded comes into view.
He is wielding a +0 scythe.
Sigmund shouts!
Sigmund casts a spell.
Sigmund flickers and vanishes!
Deactivating autopickup; reactivate with Ctrl-A.
You hear some strange, mumbled words.
You are confused.
Something hits you but does no damage. Something hits you.
You miss something. Something hits you.
You closely miss something. You barely miss something. Something hits you!
Something hits you.
You feel less confused. Something hits you but does no damage.
Something hits you but does no damage.
You sock something!
Your weapon exudes an aura of protection.
Something hits you but does no damage.
You hit something. Something hits you but does no damage.
You closely miss something. You closely miss something. Something hits you!
* * * LOW HITPOINT WARNING * * *
A red film seems to cover your vision as you go berserk!
You feel yourself moving faster!
You feel mighty! Something hits you!
* * * LOW HITPOINT WARNING * * *
You barely miss something. You miss something.
You hear some strange, mumbled words.
A magic dart appears from out of thin air!
The magic dart hits you.
You die...

. #.......+ #.........# #
#...#####.# ######
..#...+..##.#######....#
..#...##.##.##.........# ..
............##.......# ...
............#........###...
............)...{....#.....
................@..........
.........#................#
.........#.>..............#
.........#....#####....####
.........#....# #....#
...#######....# #....# ...
#....# #....# ### #....#
#....# #....# #....#


There were no monsters in sight!

Vanquished Creatures
  Jessica (D:2)
  2 adders (D:2)
  A worm (D:3)
  A dart slug (D:1)
  2 ball pythons
  5 endoplasms
  3 giant cockroaches
  12 goblins
  4 hobgoblins
  2 quokkas
  6 bats
  A frilled lizard (D:1)
  7 kobolds
  3 rats
  A spectral kobold (D:1)
51 creatures vanquished.

Vanquished Creatures (others)
  Robin (D:2)
  A plant (D:1)
2 creatures vanquished.

Grand Total: 53 creatures vanquished

Notes
Turn   | Place    | Note
-------+----------+-------------------------------------------
     0 | D:1      | Sabo the Demonspawn Berserker began the quest for the Orb.
     0 | D:1      | Reached XP level 1. HP: 18/18 MP: 1/1
   601 | D:1      | Gained mutation: You have sharp fingernails. [demonic
                  | ancestry]
   601 | D:1      | Reached XP level 2. HP: 23/24 MP: 2/2
   767 | D:1      | Found a faded altar of an unknown god.
  1862 | D:2      | Reached ** piety under Trog
  1863 | D:2      | Reached XP level 3. HP: 22/29 MP: 3/3
  2290 | D:2      | Noticed Jessica
  2297 | D:2      | Killed Jessica
  2298 | D:2      | Reached XP level 4. HP: 34/36 MP: 4/4
  2597 | D:2      | Noticed Robin
  2622 | D:2      | Reached skill level 1 in Maces & Flails
  2634 | D:2      | Killed Robin
  3290 | D:3      | Noticed Sigmund
  3324 | D:3      | Killed from afar by Sigmund

Illustrated notes

Levels and vault maps discovered:
D:1:      psy_arrival_fountain, layout_loops_ring,
          dreamdust_ecumenical_altar_drowned_temple, solitary_fountain,
          minmay_pentomino_w2
D:2:      layout_loops_ring, minmay_vboxes, uniq_jessica, uniq_robin
D:3:      layout_basic, mainiacjoe_overflow_big_doors, nrook_uturn, uniq_sigmund

Skill      XL: |  1  2  3  4 |
---------------+-------------+-----
Axes           | 3 |  3.6
Dodging        | 2 |  2.2
Maces & Flails | 1 |  1.3
Fighting       | |  3.6
Armour         | |  1.9
Stealth        | |  0.9
Unarmed Combat | |  0.2

Action                   |  1- 3 |  4- 6 || total
-------------------------+-------+-------++-------
Melee: Hand axe          |    58 |       ||    58
       Mace              |    19 |    56 ||    75
       Punch             |     1 |       ||     1
       Unarmed           |       |    18 ||    18
Invok: Berserk           |     1 |     1 ||     2
 Stab: Sleeping          |     1 |       ||     1
Armor: Animal skin       |    21 |     3 ||    24
       Scale mail        |       |    23 ||    23
       Ring mail         |       |    12 ||    12
       Skin              |       |     4 ||     4
Dodge: Dodged            |    47 |    69 ||   116
